 Dungeon Crawl Stone Soup version 0.32-a0-468-g38b2580584 (webtiles) character file.

Game seed: 6150389273926153520

45 Dirtsage the Chopper (level 3, -2/27 HPs)
             Began as a Coglin Gladiator on Feb 24, 2024.
             Slain by Sigmund
             ... wielding a +0 scythe
              (7 damage)
             ... on level 2 of the Dungeon.
             The game lasted 00:01:59 (1012 turns).

Dirtsage the Chopper (Coglin Gladiator)             Turns: 1012, Time: 00:01:59

Health: -2/27      AC:  6    Str: 16    XL:     3   Next: 64%
Magic:  3/3        EV: 11    Int:  7    God:
Gold:   116        SH:  0    Dex: 15    Spells: 2/2 levels left

rFire   + + .        a - +0 war axe {Kanehira}
rCold   + . .        (no shield)
rNeg    . . .        k - +0 ring mail {rF+}
rPois   +            c - +0 helmet
rElec   +            (no cloak)
rCorr   +            (no gloves)
SInv    .            (no boots)
Will    .....        (no amulet) Stlth
                     (ring unavailable)
HPRegen 0.24/turn    (ring unavailable)
MPRegen 0.08/turn

%: no passive effects
@: confused, resistant, attractive, invisible, revving
A: off-hand wielding, slow wielding, warmup strikes, no rings
a: no special abilities


You were on level 2 of the Dungeon.
You visited 1 branch of the dungeon, and saw 2 of its levels.

You collected 116 gold pieces.

Inventory:

Hand Weapons
 a - a +0 war axe (weapon) {Kanehira}
Missiles
 d - 3 throwing nets (quivered)
 e - a javelin
Armour
 b - a +0 leather armour
 c - a +0 helmet (worn)
 k - a +0 ring mail of fire resistance (worn)
Magical Staves
 f - a staff of death
Scrolls
 g - 3 scrolls of identify {unknown}
 i - a scroll of enchant armour {unknown}
 j - a scroll of silence {unknown}


   Skills:
 - Level 2.0 Fighting
 + Level 4.5 Axes
 - Level 1.7 Throwing
 - Level 2.6 Dodging


You had 2 spell levels left.
You didn't know any spells.
Your spell library contained the following spells:

 Spells                   Type           Power      Damage    Failure   Level
 Sandblast                Erth           0%         2d4       65%         1


Dungeon Overview and Level Annotations

Branches:
Dungeon (2/15)

Altars:

Annotations:
D:2 Sigmund


Innate Abilities, Weirdness & Mutations

You can wield a second weapon in your off-hand.
It takes a long time for you to wield or remove held weapons.
Your first few attacks do less damage.
Your grasper-arms cannot wear rings.


Message History

You're too confused to attack without stumbling around!
You're too confused to attack without stumbling around!
You're too confused to attack without stumbling around!
You're too confused to move!
Something hits you.
You take 5 damage, and have 16/27 hp.
Something hits you.
You take 1 damage, and have 15/27 hp.
You feel less confused.
You hear some strange, mumbled words.
You are confused.
Something hits you.
You take 4 damage, and have 11/27 hp.
It was a potion of invisibility.
You fade into invisibility!
A magic dart appears from out of thin air!
The magic dart hits you.
* * * LOW HITPOINT WARNING * * *
You take 3 damage, and have 8/27 hp.
It was a potion of attraction.
You feel attractive to monsters.
You hear some strange, mumbled words.
You are more confused.
Something is attracted toward you.
It was a potion of resistance.
You feel protected. Something hits you but does no damage.
You completely miss something.
You hear some strange, mumbled words.
You are more confused.
Something is attracted toward you. Something is attracted toward you.
Something hits you.
* * * LOW HITPOINT WARNING * * *
You take 5 damage, and have 4/27 hp.
You miss something. Something is attracted toward you.
Something is attracted toward you.
You miss something. Something hits you!
You die...

.#.###.# ...#... ###
♣###♣ .<##.# #.. ..(.♣
##...# #.# ♣...♣ .....##
#.#♣♣♣♣♣...♣ ##.#..#
#......§...♣
#.##.#####.....§....♣.♣.
#..............{.........
####...###.....@.........
###.###.?<.........>..
#..##...........##..
##.############## . #(.#
##.# #.#### #..†.#
####'###


There were no monsters in sight!

Vanquished Creatures
  An adder (D:2)
  3 ball pythons
  3 endoplasms (D:1)
  3 goblins
  3 hobgoblins (D:1)
  5 jackals
  2 kobolds (D:1)
  A quokka (D:1)
  7 bats
  4 rats (D:1)
32 creatures vanquished.

Notes
Turn   | Place    | Note
-------+----------+-------------------------------------------
     0 | D:1      | Dirtsage the Coglin Gladiator began the quest for the Orb.
     0 | D:1      | Reached XP level 1. HP: 16/16 MP: 1/1
   123 | D:1      | Reached XP level 2. HP: 22/22 MP: 2/2
   147 | D:1      | Found a faded altar of an unknown god.
   155 | D:1      | Got Plato's Incunable of Geomancy
   669 | D:1      | Reached skill level 4 in Axes
   685 | D:1      | Reached XP level 3. HP: 23/27 MP: 3/3
   986 | D:2      | Noticed Sigmund
  1012 | D:2      | Slain by Sigmund

Illustrated notes

Levels and vault maps discovered:
D:1:      spicycebolla_arrival_clurvy, layout_loops_ring,
          shapermc_ecumenical_altar_rom_forum
D:2:      layout_basic, serial_forest, infiniplex_forest_straight_4,
          infiniplex_forest_corner_1, infiniplex_forest_end_2,
          infiniplex_forest_straight_3, infiniplex_forest_clump_small,
          infiniplex_forest_clump_medium, infiniplex_forest_lined_room_2,
          basic_altar, serial_park_tiny_2, kennysheep_minor_cross,
          minmay_joined_circles, uniq_sigmund

Skill      XL: |  1  2 |
---------------+-------+-----
Axes           | 4 |  4.5
Fighting       | |  2.0
Throwing       | |  1.7
Dodging        | |  2.6

Action                     || total
---------------------------++-------
  Melee: War axe           ||    76
    Use: Potion            ||     3
 Armour: Leather armour    ||    16
         Ring mail         ||    42
  Dodge: Dodged            ||    62

Table legend: (Time is in decaauts)
 A = Elapsed time spent in this place.
 B = Non-inter-level travel time spent in this place.
 C = Inter-level travel time spent in this place.
 D = Time resting spent in this place.
 E = Time spent auto-exploring this place.
 F = Levels seen in this place.
 G = Mean time per level.
                   A        B        C        D        E       F      G
               +--------+--------+--------+--------+--------+-----+--------+
         Total |   1035 |    941 |     94 |      0 |    726 |   2 |  517.5 |
       Dungeon |   1035 |    941 |     94 |      0 |    726 |   2 |  517.5 |
               +--------+--------+--------+--------+--------+-----+--------+

Top non-repeatable levels by time:
     D:1: 901 daAuts
     D:2: 134 daAuts
